 Dungeon Crawl Stone Soup version 0.31-a0-188-g5e087ee2ca (webtiles) character file.

Game seed: 17151391970218697190

296 qw the Skirmisher (level 6, -1/35 HPs)
             Began as a Deep Elf Hunter on June 22, 2023.
             Slain by Pikel
             ... wielding a +0 whip of freezing
              (3 damage)
             ... on level 4 of the Dungeon.
             The game lasted 00:01:04 (2810 turns).

qw the Skirmisher (Deep Elf Hunter)                 Turns: 2810, Time: 00:01:04

Health: -1/35      AC:  7    Str: 14    XL:     6   Next: 12%
Magic:  8/8        EV: 11    Int: 13    God:
Gold:   202        SH:  0    Dex: 17    Spells: 5/5 levels left

rFire   . . .        Y - +2 shortbow
rCold   . . .        (shield currently unavailable)
rNeg    . . .        h - +0 ring mail
rPois   .            b - +0 helmet
rElec   .            (no cloak)
rCorr   .            g - +0 pair of gloves
SInv    .            (no boots)
Will    .....        (no amulet)
Stlth   +            (no ring)
HPRegen 0.25/turn    (no ring)
MPRegen 0.11/turn

%: no passive effects
@: no status effects
A: strong 1
a: no special abilities


You were on level 4 of the Dungeon.
You visited 1 branch of the dungeon, and saw 4 of its levels.

You collected 246 gold pieces.
You spent 44 gold pieces at shops.


Innate Abilities, Weirdness & Mutations

Your muscles are strong. (Str +4, Int/Dex -1)


   Skills:
 - Level 2.0 Fighting
 + Level 9.0 Ranged Weapons
 - Level 1.2 Armour
 - Level 3.0 Dodging
 - Level 1.2 Stealth


You had 5 spell levels left.
You didn't know any spells.
Your spell library was empty.

Inventory:

Hand Weapons
 Y - a +2 shortbow (weapon)
Armour
 b - a +0 helmet (worn)
 g - a +0 pair of gloves (worn)
 h - a +0 ring mail (worn)
Scrolls
 k - a scroll of identify
Potions
 a - a potion of mutation
 c - a potion of heal wounds {unknown}
 d - a potion of curing
 e - a potion of invisibility {unknown}
 f - a potion of attraction {unknown}
 j - a potion of berserk rage {unknown}
 l - a potion of degeneration {unknown}

Dungeon Overview and Level Annotations

Branches:
Dungeon (4/15)
 Temple: D:4-7

Altars:

Shops:
D:1 ?([

Annotations:
D:3 1 runed translucent door, qw's ghost, amateur DEHu
D:4 Pikel


Message History

Pikel freezes you. The lemure misses you.
You shoot an arrow.
The arrow hits Pikel but does no damage.
Pikel is moderately wounded.
The hobgoblin closely misses you. Pikel closely misses you.
The lemure barely misses you. The hobgoblin hits you. The lemure hits you.
Pikel misses you.
You shoot an arrow. The arrow closely misses Pikel.
The arrow closely misses the lemure.
The hobgoblin hits you but does no damage.
Pikel hits you with a +0 whip of freezing!
Pikel freezes you. The lemure hits you but does no damage.
You shoot an arrow. The arrow misses Pikel.
The arrow barely misses the lemure.
The arrow hits the lemure!
The lemure is moderately wounded.
The hobgoblin hits you but does no damage.
Pikel hits you with a +0 whip of freezing.
Pikel freezes you. The lemure hits you but does no damage.
You shoot an arrow. The arrow hits Pikel.
Pikel is moderately wounded.
The hobgoblin hits you but does no damage.
Pikel misses you. The lemure barely misses you.
You shoot an arrow. The arrow closely misses Pikel.
The arrow hits the lemure but does no damage.
The lemure is heavily wounded.
The hobgoblin misses you.
Pikel hits you with a +0 whip of freezing.
Pikel freezes you. The lemure barely misses you.
You shoot an arrow.
The arrow hits Pikel but does no damage.
Pikel is moderately wounded.
The hobgoblin closely misses you. Pikel waves his whip at you.
Pikel hits you with a +0 whip of freezing.
Pikel freezes you. The lemure hits you but does no damage.
You shoot an arrow. The arrow hits Pikel!
Pikel is heavily wounded.
The hobgoblin hits you but does no damage.
Pikel hits you with a +0 whip of freezing.
You die...

>##.# ## .##.# . ..
.# ..(.#####.# . .#
##.....)#.# .# .#
##.##.....# .#.#
......#.### ...#
....###...######5.###
##...####.....##g5..#
##.#.# #####...@K5.#
..#.. ##.###..#
#.>...# #.# .... #.
#.# .... ... ... ...
.. ....# # ....#


You could see Pikel, 3 lemures and a hobgoblin.

Vanquished Creatures
  A phantom (D:3)
  2 orc priests (D:3)
  An orc wizard (D:3)
  Natasha (D:2)
  3 adders (D:2)
  An ufetubus (D:3)
  2 dart slugs
  14 orcs
  5 ball pythons
  8 bats
  4 endoplasms
  2 giant cockroaches
  5 goblins
  4 hobgoblins
  4 frilled lizards
  6 kobolds
  4 rats
67 creatures vanquished.

Notes
Turn   | Place    | Note
-------+----------+-------------------------------------------
     0 | D:1      | qw the Deep Elf Hunter began the quest for the Orb.
     0 | D:1      | Reached XP level 1. HP: 12/12 MP: 3/3
     0 | D:1      | 0 ||| qw: Version: 0.3-a-9-g12657ce
     0 | D:1      | 0 ||| qw: Game counter: 3023
     0 | D:1      | 0 ||| qw: Always use a shield: true
     0 | D:1      | 0 ||| qw: God list: Okawaru
     0 | D:1      | 0 ||| qw: Allow faded altars: false
     0 | D:1      | 0 ||| qw: Do Orc after D:15 true
     0 | D:1      | 0 ||| qw: Do second Lair branch before Depths: true
     0 | D:1      | 0 ||| qw: Lair rune preference: random
     0 | D:1      | 0 ||| qw: Plans: Normal
     0 | D:1      | 0 ||| PLANNING D:1-11
   109 | D:1      | Reached skill level 6 in Ranged Weapons
   109 | D:1      | Reached XP level 2. HP: 16/16 MP: 4/4
   372 | D:1      | Found Toufiny's Weapon Shop.
   397 | D:1      | Found Koesorche's Magic Scroll Emporium.
   402 | D:1      | 402 ||| SHOPLISTING scroll of enchant weapon (82 gold, have
                  | 55).
   402 | D:1      | 402 ||| BUYING scroll of identify (22 gold).
   402 | D:1      | Bought a scroll of identify for 22 gold pieces
   402 | D:1      | 402 ||| BUYING scroll of identify (22 gold).
   402 | D:1      | Bought a scroll of identify for 22 gold pieces
   503 | D:1      | Found a faded altar of an unknown god.
   619 | D:1      | Found Pafocion's Armour Shoppe.
   626 | D:1      | 626 ||| SHOPLISTING +0 pair of boots (58 gold, have 11).
   626 | D:1      | 626 ||| SHOPLISTING +1 robe of Vines {NoPotionHeal
                  | Regen++++} (1040 gold, have 11).
   626 | D:1      | 626 ||| SHOPLISTING +1 scale mail of cold resistance (208
                  | gold, have 11).
   626 | D:1      | 626 ||| SHOPLISTING +1 scale mail of willpower (208 gold,
                  | have 11).
   722 | D:1      | 722 ||| UPGRADING to +0 pair of gloves.
   727 | D:1      | 727 ||| UPGRADING to +0 ring mail.
   737 | D:1      | 737 ||| DROPPING +0 leather armour.
   738 | D:1      | 738 ||| READING scroll labelled ITUAGGOYNA.
   739 | D:1      | 739 ||| READING scroll labelled QOFICY MIEPHELE.
   740 | D:1      | 740 ||| READING scroll labelled ESUW YNA XID.
   741 | D:1      | 741 ||| READING scroll labelled ZOREOXTEGI.
   742 | D:1      | 742 ||| READING 2 scrolls of identify.
   742 | D:1      | 742 ||| IDENTIFYING glowing red potion
   743 | D:1      | 743 ||| DROPPING scroll of butterflies.
   744 | D:1      | 744 ||| DROPPING potion of lignification.
   867 | D:2      | Reached XP level 3. HP: 20/20 MP: 5/5
  1018 | D:2      | Reached skill level 7 in Ranged Weapons
  1543 | D:2      | Noticed Natasha
  1550 | D:2      | Killed Natasha
  1551 | D:2      | Reached XP level 4. HP: 17/25 MP: 6/6
  1611 | D:2      | 1611 ||| UPGRADING to +0 helmet.
  1616 | D:2      | 1616 ||| READING scroll labelled IRHOICEBIA.
  1621 | D:2      | 1621 ||| DRINKING 2 smoky dark potions.
  1621 | D:2      | Gained mutation: Your muscles are strong. (Str +4, Int/Dex
                  | -1) [potion of mutation]
  1622 | D:2      | 1622 ||| READING 2 scrolls of identify.
  1622 | D:2      | 1622 ||| IDENTIFYING bubbling amethyst potion
  1671 | D:3      | Noticed a phantom
  1684 | D:3      | HP: 3/25 [phantom (4)]
  1686 | D:3      | Killed a phantom
  1687 | D:3      | Reached skill level 8 in Ranged Weapons
  1687 | D:3      | Reached XP level 5. HP: 3/29 MP: 7/7
  1691 | D:3      | 1691 ||| FLEEEEING.
  1692 | D:3      | 1692 ||| FLEEEEING.
  1693 | D:3      | 1693 ||| FLEEEEING.
  1694 | D:3      | 1694 ||| FLEEEEING.
  1695 | D:3      | 1695 ||| FLEEEEING.
  1696 | D:3      | 1696 ||| FLEEEEING.
  1697 | D:3      | 1697 ||| FLEEEEING.
  1698 | D:3      | 1698 ||| FLEEEEING.
  1699 | D:3      | 1699 ||| FLEEEEING.
  1700 | D:3      | 1700 ||| FLEEEEING.
  1702 | D:3      | 1702 ||| STAIRDANCE
  1840 | D:3      | Identified the +9 spear of Dissolution {drain, Will++}
  1864 | D:3      | 1864 ||| FLEEEEING.
  1866 | D:3      | 1866 ||| FLEEEEING.
  1867 | D:3      | 1867 ||| FLEEEEING.
  1869 | D:3      | 1869 ||| FLEEEEING.
  1870 | D:3      | 1870 ||| FLEEEEING.
  1871 | D:3      | 1871 ||| FLEEEEING.
  1966 | D:3      | Found a runed translucent door.
  1978 | D:3      | Noticed qw's ghost (amateur DEHu)
  2073 | D:3      | Reached skill level 9 in Ranged Weapons
  2118 | D:3      | 2118 ||| READING scroll of enchant weapon.
  2118 | D:3      | 2118 ||| ENCHANTING +1 shortbow.
  2241 | D:3      | Reached skill level 1 in Armour
  2246 | D:3      | Reached skill level 3 in Dodging
  2246 | D:3      | Reached XP level 6. HP: 9/35 MP: 8/8
  2500 | D:3      | 2500 ||| READING scroll labelled QONAEP LALEUBB.
  2501 | D:3      | 2501 ||| READING scroll labelled VACZARINTI.
  2503 | D:3      | 2503 ||| Stepping ~*~*~tactically~*~*~ (cloud).
  2797 | D:4      | Noticed Pikel
  2806 | D:4      | HP: 8/35 [Pikel/+0 whip of freezing (1)]
  2808 | D:4      | HP: 3/35 [Pikel/+0 whip of freezing (2)]
  2810 | D:4      | Slain by Pikel

Levels and vault maps discovered:
D:1:      mrwooster_arrival_statue_2, layout_basic,
          chequers_ecumenical_altar_lobes, serial_shops,
          nicolae_shop_bloodbath_and_beyond, nicolae_shop_pleasant_corner_grove,
          shop_fountains, dreamdust_mushroom_princess
D:2:      layout_basic, st_stairs_1, minmay_pentomino_o2, uniq_natasha
D:3:      cheibrodos_pilgrimage, layout_rooms, hellmonk_ghost_happy_afterlife,
          minmay_misc_feat_more_columns
D:4:      layout_rooms, mainiacjoe_overflow_paths, serial_aquarium,
          aquarium_bridge_straight [aquarium_subvault_bridge,
          aquarium_subvault_wall, aquarium_subvault_bridge,
          aquarium_subvault_wall], aquarium_window_3, aquarium_window_2,
          aquarium_window_fake, aquarium_window_1, aquarium_view_2a,
          aquarium_view_2d, uniq_pikel

Skill      XL: |  1  2  3  4  5 |
---------------+----------------+-----
Ranged Weapons | 6 7 8 9 |  9.0
Fighting       | 2 |  2.0
Armour         | 1 |  1.2
Dodging        | 3 |  3.0
Stealth        | |  1.2

Action                     |  1- 3 |  4- 6 || total
---------------------------+-------+-------++-------
   Fire: Shortbow          |   101 |    99 ||   200
    Use: Scroll            |     5 |     5 ||    10
         Potion            |       |     1 ||     1
 Armour: Leather armour    |     3 |       ||     3
         Ring mail         |     7 |    15 ||    22
  Dodge: Dodged            |    37 |    25 ||    62

Table legend:
 A = Non-vault XP
 B = Vault XP
 C = Vault XP percentage of total XP
 D = Non-vault monster count
 E = Vault monster count
 F = Vault count percentage of total count
                 A         B        C        D         E       F
            +---------+---------+-------+---------+---------+-------
      Total |     283 |     141 |  33.3 |      57 |      10 |  14.9
            +---------+---------+-------+---------+---------+-------
        D:1 |      26 |       0 |   0.0 |      16 |       0 |   0.0
        D:2 |      57 |      39 |  40.6 |      16 |       3 |  15.8
        D:3 |     194 |     102 |  34.5 |      22 |       7 |  24.1
        D:4 |       6 |       0 |   0.0 |       3 |       0 |   0.0
            +---------+---------+-------+---------+---------+-------
